APL (24 & UNDER)
ATHENS ASSASSINS @ BEAVERTON BRONZE SOULS
05/01/2027
 
TOP OF THE 1ST
Athens Assassins batting - Pitching for Beaverton Bronze Souls : RHP Terry Norris
Pitching: RHP Terry Norris
Batting: SHB Félix Montoya 0-0: Called Strike
0-1: Foul Ball, location: 2F
0-2: Ground out 3-1 (Groundball, 34)
Batting: RHB Gunner Allen 0-0: Ball
1-0: Fly out, F6 (Popup, 6S)
Batting: RHB Roderick Silva 0-0: Ball
1-0: Called Strike
1-1: Ground out 5-3 (Groundball, 56S)
Top of the 1st over - 0 run(s), 0 hit(s), 0 error(s), 0 left on base; Athens 0 - Beaverton 0
BOTTOM OF THE 1ST
Beaverton Bronze Souls batting - Pitching for Athens Assassins : RHP Larry Johnston
Pitching: RHP Larry Johnston
Batting: RHB Joe Brinkman 0-0: Swinging Strike
0-1: Swinging Strike
0-2: Ball
1-2: Strikes out swinging
Batting: RHB Rusty Anderson 0-0: Ball
1-0: SINGLE (Groundball, 6MD)
Batting: LHB Chance Santry 0-0: Swinging Strike
0-1: Called Strike
0-2: Ball
1-2: Ball
2-2: Foul Ball, location: 2F
2-2: Fly out, F5 (Popup, 5L)
Batting: RHB Carlos Guevara 0-0: Foul Ball, location: 2F
0-1: Called Strike
Rusty Anderson steals 2nd base
0-2: Ball
1-2: Ground out 1-3 (Groundball, 15S)
Bottom of the 1st over - 0 run(s), 1 hit(s), 0 error(s), 1 left on base; Athens 0 - Beaverton 0
TOP OF THE 2ND
Athens Assassins batting - Pitching for Beaverton Bronze Souls : RHP Terry Norris
Batting: RHB Foster Hapgood 0-0: Fly out, F8 (Flyball, 8LM)
Batting: RHB Alexander Barr 0-0: Called Strike
0-1: Ball
1-1: Swinging Strike
1-2: Foul Ball, location: 2F
1-2: Foul Ball, location: 2F
1-2: Ball
2-2: Strikes out swinging, 2-3 out at first.
Batting: LHB Luis Vázquez 0-0: Ball
1-0: Foul Ball, location: 2F
1-1: Ground out 4-3 (Groundball, 6MS)
Top of the 2nd over - 0 run(s), 0 hit(s), 0 error(s), 0 left on base; Athens 0 - Beaverton 0
BOTTOM OF THE 2ND
Beaverton Bronze Souls batting - Pitching for Athens Assassins : RHP Larry Johnston
Batting: LHB Cristóbal Gómez 0-0: Ground out 3-1 (Groundball, 34S)
Batting: RHB Tom Hughes 0-0: Fly out, F7 (Flyball, 7S)
Batting: RHB David Kerr 0-0: Ball
1-0: Ground out 6-3 (Groundball, 6)
Bottom of the 2nd over - 0 run(s), 0 hit(s), 0 error(s), 0 left on base; Athens 0 - Beaverton 0
TOP OF THE 3RD
Athens Assassins batting - Pitching for Beaverton Bronze Souls : RHP Terry Norris
Batting: RHB Emílio García 0-0: Ball
1-0: Foul Ball, location: 2F
1-1: Foul Ball, location: 2F
1-2: Strikes out swinging
Batting: RHB James Anderson 0-0: Ball
1-0: Fly out, F9 (Flyball, 89M)
Batting: RHB Jorge Loanos 0-0: SINGLE (Groundball, 6MS) (infield hit)
Batting: SHB Félix Montoya 0-0: Called Strike
Jorge Loanos steals 2nd base
0-1: Ball
1-1: Called Strike
1-2: Ball
2-2: Strikes out swinging, 2-3 out at first.
Top of the 3rd over - 0 run(s), 1 hit(s), 0 error(s), 1 left on base; Athens 0 - Beaverton 0
BOTTOM OF THE 3RD
Beaverton Bronze Souls batting - Pitching for Athens Assassins : RHP Larry Johnston
Batting: SHB Alberto Sandoval 0-0: Called Strike
0-1: Ball
1-1: SINGLE (Line Drive, 3D)
Batting: RHB Carlos Carrillo 0-0: Foul Ball, location: 2F
0-1: Swinging Strike
0-2: Grounds into double play, 4-6-3 (Groundball, 4)
Batting: RHB Joe Brinkman 0-0: Ball
1-0: Called Strike
1-1: Ground out 1-3 (Groundball, P)
Bottom of the 3rd over - 0 run(s), 1 hit(s), 0 error(s), 0 left on base; Athens 0 - Beaverton 0
TOP OF THE 4TH
Athens Assassins batting - Pitching for Beaverton Bronze Souls : RHP Terry Norris
Batting: RHB Gunner Allen 0-0: Called Strike
0-1: Foul Ball, location: 2F
0-2: SOLO HOME RUN (Flyball, 8LXD), Distance : 429 ft
Batting: RHB Roderick Silva 0-0: Foul Ball, location: 2F
0-1: Swinging Strike
0-2: Strikes out looking
Batting: RHB Foster Hapgood 0-0: Ball
1-0: Ball
2-0: Called Strike
2-1: Fly out, F4 (Flyball, 4D)
Batting: RHB Alexander Barr 0-0: Swinging Strike
0-1: Foul Ball, location: 2F
0-2: Ball
1-2: Foul Ball, location: 2F
1-2: Ball
2-2: Foul Ball, location: 2F
2-2: Ball
3-2: Strikes out looking
Top of the 4th over - 1 run(s), 1 hit(s), 0 error(s), 0 left on base; Athens 1 - Beaverton 0
BOTTOM OF THE 4TH
Beaverton Bronze Souls batting - Pitching for Athens Assassins : RHP Larry Johnston
Batting: RHB Rusty Anderson 0-0: Ball
1-0: Called Strike
1-1: Swinging Strike
1-2: Strikes out swinging
Batting: LHB Chance Santry 0-0: Ball
1-0: SINGLE (Line Drive, 3D)
Batting: RHB Carlos Guevara 0-0: Foul Ball, location: 2F
0-1: Swinging Strike
0-2: Strikes out swinging
Batting: LHB Cristóbal Gómez 0-0: Swinging Strike
0-1: Foul Ball, location: 2F
0-2: Foul Ball, location: 2F
0-2: Strikes out looking
Bottom of the 4th over - 0 run(s), 1 hit(s), 0 error(s), 1 left on base; Athens 1 - Beaverton 0
TOP OF THE 5TH
Athens Assassins batting - Pitching for Beaverton Bronze Souls : RHP Terry Norris
Batting: LHB Luis Vázquez 0-0: Ball
1-0: Ball
2-0: Called Strike
2-1: Called Strike
2-2: Fly out, F8 (Flyball, 8LS)
Batting: RHB Emílio García 0-0: Called Strike
0-1: Ball
1-1: Foul Ball, location: 2F
1-2: Strikes out swinging
Batting: RHB James Anderson 0-0: Swinging Strike
0-1: Ball
1-1: Swinging Strike
1-2: Ball
2-2: Foul Ball, location: 2F
2-2: Strikes out swinging
Top of the 5th over - 0 run(s), 0 hit(s), 0 error(s), 0 left on base; Athens 1 - Beaverton 0
BOTTOM OF THE 5TH
Beaverton Bronze Souls batting - Pitching for Athens Assassins : RHP Larry Johnston
Batting: RHB Tom Hughes 0-0: Ball
1-0: Ball
2-0: Ball
3-0: Called Strike
3-1: Foul Ball, location: 2F
3-2: Ground out 1-3 (Groundball, P)
Batting: RHB David Kerr 0-0: Ball
1-0: Ball
2-0: Called Strike
2-1: Called Strike
2-2: Strikes out swinging
Batting: SHB Alberto Sandoval 0-0: Called Strike
0-1: Foul Ball, location: 2F
0-2: Ground out 2-3 (Groundball, 2L)
Bottom of the 5th over - 0 run(s), 0 hit(s), 0 error(s), 0 left on base; Athens 1 - Beaverton 0
TOP OF THE 6TH
Athens Assassins batting - Pitching for Beaverton Bronze Souls : RHP Terry Norris
Batting: RHB Jorge Loanos 0-0: SINGLE (Line Drive, 78S)
Batting: SHB Félix Montoya 0-0: SINGLE (Line Drive, 34)
Jorge Loanos to second
Runner from 2nd tries for 3rd, SAFE, throw made to third
Batting: RHB Gunner Allen 0-0: Ball
Félix Montoya steals 2nd base
1-0: Swinging Strike
1-1: Swinging Strike
1-2: Strikes out swinging
Batting: RHB Roderick Silva 0-0: Ball
1-0: Called Strike
1-1: SINGLE (Groundball, 4MD)
Jorge Loanos scores
Félix Montoya to third
Batting: RHB Foster Hapgood 0-0: SINGLE (Groundball, 4MD)
Félix Montoya scores
Roderick Silva to second
Batting: RHB Alexander Barr 0-0: Ball
1-0: Foul Ball, location: 2F
1-1: Fly out, F9 (Flyball, 9D)
Runner from 2nd tags up, SAFE at 3rd, no throw
Batting: LHB Luis Vázquez 0-0: Ball
1-0: Fly out, F7 (Line Drive, 7)
Top of the 6th over - 2 run(s), 4 hit(s), 0 error(s), 2 left on base; Athens 3 - Beaverton 0
BOTTOM OF THE 6TH
Beaverton Bronze Souls batting - Pitching for Athens Assassins : RHP Larry Johnston
Batting: RHB Carlos Carrillo 0-0: Ball
1-0: Ground out 6-3 (Groundball, 6)
Batting: RHB Joe Brinkman 0-0: Foul Ball, location: 2F
0-1: Ball
1-1: Ball
2-1: Fly out, F7 (Flyball, 78M)
Batting: RHB Rusty Anderson 0-0: DOUBLE (Line Drive, 89M)
Batting: LHB Chance Santry 0-0: Called Strike
0-1: Ball
1-1: SINGLE (Groundball, 34S) (infield hit)
Rusty Anderson to third
Pitching: RHP Jason Mason
Batting: RHB Carlos Guevara 0-0: Called Strike
0-1: Foul Ball, location: 2F
0-2: Ball
1-2: Strikes out looking
Bottom of the 6th over - 0 run(s), 2 hit(s), 0 error(s), 2 left on base; Athens 3 - Beaverton 0
TOP OF THE 7TH
Athens Assassins batting - Pitching for Beaverton Bronze Souls : RHP Terry Norris
Batting: RHB Emílio García 0-0: Ball
1-0: Ball
2-0: Ball
3-0: Called Strike
3-1: Base on Balls
Pitching: RHP Ben Hepworth
Batting: RHB James Anderson 0-0: Ball
1-0: Sac Bunt - play at first, batter OUT! 1-3
Emílio García to second
Batting: RHB Jorge Loanos 0-0: Called Strike
0-1: Swinging Strike
0-2: Ball
1-2: Strikes out swinging
Batting: SHB Félix Montoya 0-0: Ball
1-0: Ball
2-0: Fly out, F9 (Flyball, 9)
Top of the 7th over - 0 run(s), 0 hit(s), 0 error(s), 1 left on base; Athens 3 - Beaverton 0
BOTTOM OF THE 7TH
Beaverton Bronze Souls batting - Pitching for Athens Assassins : RHP Jason Mason
Batting: LHB Cristóbal Gómez 0-0: Called Strike
0-1: Foul Ball, location: 2F
0-2: Ball
1-2: Ball
2-2: Ball
3-2: SINGLE (Groundball, 4MD)
Batting: RHB Tom Hughes 0-0: Called Strike
0-1: Called Strike
0-2: Ball
Wild Pitch!
Cristóbal Gómez to second
1-2: Ball
2-2: Strikes out swinging
Batting: RHB David Kerr 0-0: Ball
1-0: Ball
2-0: Ball
3-0: Base on Balls
Pitching: RHP Jorge Román
Batting: SHB Alberto Sandoval 0-0: Ball
1-0: Ball
2-0: Called Strike
2-1: Swinging Strike
2-2: Fly out, F7 (Flyball, 7S)
Batting: RHB Carlos Carrillo 0-0: Called Strike
0-1: Ball
1-1: Foul Ball, location: 2F
1-2: Foul Ball, location: 2F
1-2: Foul Ball, location: 2F
1-2: Ball
2-2: Fly out, F9 (Flyball, 9)
Bottom of the 7th over - 0 run(s), 1 hit(s), 0 error(s), 2 left on base; Athens 3 - Beaverton 0
TOP OF THE 8TH
Athens Assassins batting - Pitching for Beaverton Bronze Souls : RHP Ben Hepworth
Batting: RHB Gunner Allen 0-0: Ball
1-0: Foul Ball, location: 2F
1-1: Swinging Strike
1-2: Fly out, F4 (Popup, 4MD)
Batting: RHB Roderick Silva 0-0: Ground out 6-3 (Groundball, 6S)
Batting: RHB Foster Hapgood 0-0: Called Strike
0-1: Foul Ball, location: 2F
0-2: Ball
1-2: Ball
2-2: Strikes out swinging
Top of the 8th over - 0 run(s), 0 hit(s), 0 error(s), 0 left on base; Athens 3 - Beaverton 0
BOTTOM OF THE 8TH
Beaverton Bronze Souls batting - Pitching for Athens Assassins : RHP Jorge Román
Batting: RHB Joe Brinkman 0-0: Called Strike
0-1: Ball
1-1: Ball
2-1: Fly out, F8 (Flyball, 8RS)
Batting: RHB Rusty Anderson 0-0: SINGLE (Line Drive, 4MD)
Pitching: RHP León Delgado
Batting: LHB Chance Santry 0-0: Ball
1-0: Ball
2-0: Ball
3-0: Called Strike
3-1: Fly out, F8 (Flyball, 8LM)
Batting: RHB Carlos Guevara Pickoff Throw to First - Error! E1
Rusty Anderson to second
0-0: Called Strike
0-1: Ball
1-1: Foul Ball, location: 2F
1-2: Foul Ball, location: 2F
1-2: SINGLE (Line Drive, 89S)
Rusty Anderson to third
Runner from 3rd tries for Home, SAFE, no throw
Batting: LHB Cristóbal Gómez 0-0: Foul Ball, location: 2F
0-1: Ball
1-1: Foul Ball, location: 2F
1-2: Strikes out swinging
Bottom of the 8th over - 1 run(s), 2 hit(s), 1 error(s), 1 left on base; Athens 3 - Beaverton 1
TOP OF THE 9TH
Athens Assassins batting - Pitching for Beaverton Bronze Souls : RHP Ben Hepworth
Batting: RHB Alexander Barr 0-0: Swinging Strike
0-1: Foul Ball, location: 2F
0-2: Ball
1-2: Strikes out looking
Batting: LHB Luis Vázquez 0-0: Foul Ball, location: 2F
0-1: Ball
1-1: Swinging Strike
1-2: Foul Ball, location: 2F
1-2: Strikes out swinging
Pitching: RHP Víctor Hernández
Batting: RHB Emílio García 0-0: Ball
1-0: Ball
2-0: Called Strike
2-1: Foul Ball, location: 2F
2-2: Strikes out looking
Top of the 9th over - 0 run(s), 0 hit(s), 0 error(s), 0 left on base; Athens 3 - Beaverton 1
BOTTOM OF THE 9TH
Beaverton Bronze Souls batting - Pitching for Athens Assassins : RHP León Delgado
Pitching: RHP Jimmy Banks
Batting: RHB Tom Hughes 0-0: Swinging Strike
0-1: Foul Ball, location: 2F
0-2: Ball
1-2: Strikes out swinging
Batting: RHB David Kerr 0-0: Ball
1-0: Foul Ball, location: 2F
1-1: Foul Ball, location: 2F
1-2: Ball
2-2: Ball
3-2: Foul Ball, location: 2F
3-2: Base on Balls
Pinch Hitting: SHB Dawson Fowler 0-0: Ball
1-0: Foul Ball, location: 2F
1-1: Foul Ball, location: 2F
1-2: Ball
2-2: Hit by Pitch
David Kerr to second
Pinch Hitting: RHB Juan Becerra 0-0: Swinging Strike
0-1: Ball
1-1: Foul Ball, location: 2F
1-2: Fly out, F9 (Flyball, 89S)
Pinch Hitting: RHB Chris Hall 0-0: Foul Ball, location: 2F
0-1: Swinging Strike
0-2: Foul Ball, location: 2F
0-2: SINGLE (Groundball, 56D)
David Kerr to third
Dawson Fowler to second
Runner from 3rd tries for Home, throw and OUT!
Bottom of the 9th over - 0 run(s), 1 hit(s), 0 error(s), 2 left on base; Athens 3 - Beaverton 1
Thursday, March 30th, 2017 - OOTP Baseball 17.12 Build 75